 Dungeon Crawl Stone Soup version 0.27-a0-1188-g73eefd5def (webtiles) character file.

Game seed: 14079612209530120523

46 karrick the Sneak (level 3, 0/26 HPs)
             Began as a Draconian Enchanter on May 20, 2021.
             Slain by a quokka (3 damage)
             ... on level 3 of the Dungeon.
             The game lasted 00:02:30 (1467 turns).

karrick the Sneak (Draconian Enchanter)             Turns: 1467, Time: 00:02:32

Health: 0/26       AC:  5    Str: 10    XL:     3   Next: 46%
Magic:  4/6        EV: 12    Int: 15    God:
Gold:   24         SH:  0    Dex: 12    Spells: 5/6 levels left

rFire    . . .     SeeInvis .   a - +1 dagger
rCold    . . .     Faith    .   (no shield)
rNeg     . . .     Spirit   .   (armour unavailable)
rPois    .         Reflect  .   (helmet restricted)
rElec    .         Harm     .   (no cloak)
rCorr    +         Rampage  .   (no gloves)
Will     .....                  (no boots)
Stlth    ++........             (no amulet)
HPRegen  0.08/turn              d - ring of resist corrosion
MPRegen  0.10/turn              (no ring)

@: no status effects
A: AC +5, unfitting armour, cold-blooded
a: no special abilities


You were on level 3 of the Dungeon.
You visited 1 branch of the dungeon, and saw 3 of its levels.

You collected 24 gold pieces.

Inventory:

Hand Weapons
 a - a +1 dagger (weapon)
Jewellery
 d - a ring of resist corrosion (left hand)
 g - an amulet of guardian spirit
Scrolls
 b - a scroll of holy word {unknown}
Potions
 c - a potion of curing {unknown}
 e - a potion of might {unknown}


   Skills:
 + Level 0.2 Fighting
 + Level 1.5 Short Blades
 + Level 2.1 Dodging
 + Level 3.2 Stealth
 + Level 2.2 Spellcasting
 + Level 3.1 Hexes


You had 5 spell levels left.
You knew the following spells:

 Your Spells              Type           Power      Damage    Failure   Level
a - Corona                Hex            12%        N/A       6%          1

Your spell library contained the following spells:

 Spells                   Type           Power      Damage    Failure   Level
 Ensorcelled Hibernation  Hex/Ice        12%        N/A       17%         2
 Confusing Touch          Hex            11%        N/A       19%         3
 Tukima's Dance           Hex            11%        N/A       19%         3
 Dazzling Flash           Conj/Hex       12%        N/A       34%         3


Dungeon Overview and Level Annotations

Branches:
Dungeon (3/15)

Altars:


Innate Abilities, Weirdness & Mutations

Your plain brown scales are hard. (AC +5)
You cannot fit into any form of body armour.
You are cold-blooded and may be slowed by cold attacks.


Message History

You barely miss the quokka. The quokka bites you.
You hit the quokka but do no damage.
Your tail-slap misses the quokka.
The quokka barely misses you.
You closely miss the quokka. You tail-slap the quokka.
The quokka is moderately wounded.
The quokka misses you.
Casting: Corona (safe; 6% risk of failure)
Confirm with . or Enter, or press ? or * to list all spells.
Aiming: Corona (safe; 6% risk of failure)
Press: ? - help, Shift-Dir - straight line, f - quokka
Aim: a quokka (moderately wounded, chance to affect: 64%)
The quokka is outlined in light.
The quokka bites you but does no damage.
You closely miss the quokka.
The quokka is moderately wounded.
The quokka bites you.
* * * LOW HITPOINT WARNING * * *
You hit the quokka but do no damage.
The quokka is moderately wounded.
The quokka bites you.
* * * LOW HITPOINT WARNING * * *
You barely miss the quokka.
The quokka is moderately wounded.
The quokka completely misses you. The quokka closely misses you.
You barely miss the quokka.
The quokka stops glowing.
The quokka bites you but does no damage.
Casting: Corona (safe; 6% risk of failure)
Confirm with . or Enter, or press ? or * to list all spells.
Aiming: Corona (safe; 6% risk of failure)
Press: ? - help, Shift-Dir - straight line, f/p - quokka
Aim: a quokka (chance to affect: 64%)
The quokka is outlined in light.
The quokka bites you.
* * * LOW HITPOINT WARNING * * *
You start putting on your amulet.
You continue putting on your amulet of guardian spirit.
The quokka bites you.
Keep equipping yourself? [Y]es or [N]o only, please.
Keep equipping yourself?
You die...

........
.#....
.....
####....
......#
#....#
..##....#
......r@#
#.#######


You could see a quokka (corona).

Vanquished Creatures
  3 adders
  2 endoplasms (D:1)
  A giant cockroach (D:1)
  2 goblins (D:2)
  A hobgoblin (D:1)
  2 quokkas (D:1)
  A ball python (D:2)
  2 bats (D:1)
  4 kobolds (D:1)
  2 rats
20 creatures vanquished.

Notes
Turn   | Place    | Note
-------+----------+-------------------------------------------
     0 | D:1      | karrick the Draconian Enchanter began the quest for the
                  | Orb.
     0 | D:1      | Reached XP level 1. HP: 14/14 MP: 3/3
   541 | D:1      | Reached XP level 2. HP: 20/20 MP: 5/5
  1359 | D:2      | Reached XP level 3. HP: 23/26 MP: 4/6
  1467 | D:3      | Slain by a quokka

Illustrated notes

Levels and vault maps discovered:
D:1:      heliophobic_arrival_dark_side_of_the_moon, layout_basic,
          hangedman_decor_peaks_small
D:2:      layout_rooms, basic_altar
D:3:      layout_basic, lemuel_round_altar, gammafunk_ghost_grave, serial_shops,
          shop, shop, shop, shop, minivault_23

Skill      XL: |  1  2 |
---------------+-------+-----
Stealth        | 3 |  3.2
Dodging        | 2 |  2.1
Hexes          | 3 |  3.1
Fighting       | |  0.2
Short Blades   | |  1.5
Spellcasting   | |  2.2

Action                   || total
-------------------------++-------
Melee: Dagger            ||    87
       Tailslap          ||     4
 Cast: Corona            ||     7
  Use: Potion            ||     2
 Stab: Sleeping          ||     1
Armor: Skin              ||    30
Dodge: Dodged            ||    77

Table legend: (Time is in decaauts)
 A = Elapsed time spent in this place.
 B = Non-inter-level travel time spent in this place.
 C = Inter-level travel time spent in this place.
 D = Time resting spent in this place.
 E = Time spent auto-exploring this place.
 F = Levels seen in this place.
 G = Mean time per level.
                   A        B        C        D        E       F      G
               +--------+--------+--------+--------+--------+-----+--------+
         Total |   1464 |   1402 |     62 |    259 |    947 |   3 |  488.0 |
       Dungeon |   1464 |   1402 |     62 |    259 |    947 |   3 |  488.0 |
               +--------+--------+--------+--------+--------+-----+--------+

Top non-repeatable levels by time:
     D:1: 1251 daAuts
     D:2: 203 daAuts
     D:3: 9 daAuts
